 Dungeon Crawl Stone Soup version 0.24-a0-201-gf205589 (webtiles) character file.

Game seed: 11681520106379023960

26 Borgoz the Cutter (level 3, -2/22 HPs)
             Began as a Gargoyle Gladiator on Mar 25, 2019.
             Slain by an iguana (7 damage)
             ... on level 2 of the Dungeon.
             The game lasted 00:02:15 (742 turns).

Borgoz the Cutter (Gargoyle Gladiator)               Turns: 742, Time: 00:02:16

Health: -2/22      AC:  9    Str: 22    XL:     3   Next: 8%
Magic:  3/3        EV: 12    Int:  8    God:
Gold:   94         SH:  0    Dex: 12    Spells: 2/2 levels left

rFire    . . .     SeeInvis .   a - +0 rapier
rCold    . . .     Gourm    .   (no shield)
rNeg     + . .     Faith    .   h - +0 ring mail
rPois    ∞         Spirit   .   c - +0 helmet
rElec    +         Reflect  .   n - scarf {cloud immunity}
rCorr    .         Harm     .   (no gloves)
MR       .....                  (no boots)
Stlth    +.........             (no amulet)
HPRegen  0.07/turn              (no ring)
MPRegen  0.08/turn              (no ring)

@: mighty
A: negative energy resistance 1, electricity resistance, unbreathing,
petrification resistance, rot immunity, AC +3
a: no special abilities


You were on level 2 of the Dungeon.
You were not hungry.

You visited 1 branch of the dungeon, and saw 2 of its levels.

You collected 94 gold pieces.

Inventory:

Hand Weapons
 a - a +0 rapier (weapon)
Missiles
 d - 3 throwing nets (quivered)
Armour
 c - a +0 helmet (worn)
 h - a +0 ring mail (worn)
 n - a scarf of cloud immunity (worn)
Scrolls
 g - a scroll of identify
 i - a scroll of blinking {unknown}
 j - a scroll of amnesia {unknown}
 k - 2 scrolls of remove curse {unknown}
 o - a scroll of teleportation {unknown}
Potions
 l - a potion of lignification
 m - a potion of brilliance
 p - a potion of curing {unknown}
Comestibles
 f - 3 rations


   Skills:
 + Level 2.3 Fighting
 * Level 2.9 Short Blades
 + Level 2.0 Throwing
 + Level 0.6 Armour
 * Level 2.6 Dodging
 + Level 0.8 Stealth
 + Level 0.3 Spellcasting


You had 2 spell levels left.
You didn't know any spells.
Your spell library was empty.

Dungeon Overview and Level Annotations

Branches:
Dungeon (1/15)

Altars:


Innate Abilities, Weirdness & Mutations

You are resistant to torment.
Your stone body is resilient. (AC +3)
You are immune to poison.
You resist negative energy. (rN+)
You are resistant to electric shocks. (rElec)
You can survive without breathing.
You are immune to petrification.
You are immune to rotting.


Message History

You hit the iguana.
The iguana is lightly wounded.
The iguana bites you!
* * * LOW HITPOINT WARNING * * *
You are too injured to fight recklessly!
You are too injured to fight recklessly!
It was a potion of might.
You feel very mighty all of a sudden.
The iguana bites you but does no damage.
You barely miss the iguana.
The iguana is lightly wounded.
The iguana closely misses you. The iguana bites you.
* * * LOW HITPOINT WARNING * * *
You hit the iguana but do no damage.
The iguana is lightly wounded.
The iguana completely misses you.
You barely miss the iguana.
The iguana is lightly wounded.
The iguana bites you!
You die...

#.#.#...#.#
#.#..###..# #
#.#.## ##.#
.##..####..## ##..
...........## #...
#..#####.#.## #.##
###...........#.
.#
............>.....
#
######@##.###.###
#l##.# .# #.##.. #
#.##... #......
### ...#


You could see an iguana.

Vanquished Creatures
  A dart slug (D:2)
  2 leopard geckos (D:1)
  A ball python (D:1)
  5 goblins (D:1)
  4 hobgoblins (D:1)
  3 bats
  2 frilled lizards
  A kobold (D:1)
  2 rats (D:1)
21 creatures vanquished.

Notes
Turn   | Place    | Note
-------+----------+-------------------------------------------
     0 | D:1      | Borgoz the Gargoyle Gladiator began the quest for the Orb.
     0 | D:1      | Reached XP level 1. HP: 12/12 MP: 1/1
   272 | D:1      | Reached XP level 2. HP: 12/17 MP: 2/2
   553 | D:1      | You fall through a shaft!
   573 | D:2      | Reached XP level 3. HP: 14/22 MP: 3/3
   742 | D:2      | Slain by an iguana

Levels and vault maps discovered:
D:1:      eino_arrival_cavern_c, layout_loops_ring, item_on_display_a
D:2:      minmay_general_purpose_star, layout_loops_ring, lemuel_doored_altar,
          kennysheep_okawaru_gauntlet, chequers_ecumenical_altar_simple_redux

Skill      XL: |  1  2 |
---------------+-------+-----
Throwing       | 2 |  2.0
Fighting       | |  2.3
Short Blades   | |  2.9
Armour         | |  0.6
Dodging        | |  2.6
Stealth        | |  0.8
Spellcasting   | |  0.3

Action                   || total
-------------------------++-------
Melee: Rapier            ||    86
  Use: Scroll            ||     3
       Potion            ||     1
Armor: Ring mail         ||    36
Dodge: Dodged            ||    49

Table legend:
 A = Non-vault XP
 B = Vault XP
 C = Vault XP percentage of total XP
 D = Non-vault monster count
 E = Vault monster count
 F = Vault count percentage of total count
                 A         B        C        D         E       F
            +---------+---------+-------+---------+---------+-------
      Total |      38 |       0 |   0.0 |      21 |       0 |   0.0
            +---------+---------+-------+---------+---------+-------
        D:1 |      32 |       0 |   0.0 |      18 |       0 |   0.0
        D:2 |       6 |       0 |   0.0 |       3 |       0 |   0.0
            +---------+---------+-------+---------+---------+-------
